 Dungeon Crawl Stone Soup version 0.30-a0-965-g42e074c17a (webtiles) character file.

Game seed: 14436744894646091443

158 billz999 the Shooter (level 5, -4/30 HPs)
             Began as a Kobold Hunter on Mar 30, 2023.
             Was a Follower of Makhleb.
             Succumbed to an orc wizard's poison
             ... on level 3 of the Dungeon.
             The game lasted 00:04:51 (2677 turns).

billz999 the Shooter (Kobold Hunter)                Turns: 2677, Time: 00:04:51

Health: -4/30      AC:  6    Str:  7 (8)  XL:     5   Next: 66%
Magic:  5/5        EV: 15    Int: 12 (13) God:    Makhleb [*.....]
Gold:   106        SH:  0    Dex: 15 (18) Spells: 4/4 levels left

rFire   . . .      SeeInvis .    n - +0 dagger (protect)
rCold   . . .      Faith    .    (no shield)
rNeg    . . .      Spirit   +    c - +0 leather armour
rPois   .          Reflect  .    (no helmet)
rElec   .          Rampage  .    i - +1 cloak
rCorr   .                        r - +0 pair of gloves
Will    .....                    (no boots)
Stlth   +++                      m - amulet of guardian spirit
HPRegen 0.25/turn                (no ring)
MPRegen 0.09/turn                (no ring)

@: brilliant, lethally poisoned (-4 -> -29)
A: small, no large weapons, nightstalker 3
a: Renounce Religion


You were on level 3 of the Dungeon.
You worshipped Makhleb.
Makhleb was aware of your devotion.
You visited 1 branch of the dungeon, and saw 3 of its levels.

You collected 106 gold pieces.

Inventory:

Hand Weapons
 a - a +0 shortbow
 n - a +0 dagger of protection (weapon)
Missiles
 e - 2 poisoned darts
Armour
 c - a +0 leather armour (worn)
 i - a +1 cloak (worn)
 r - a +0 pair of gloves (worn)
Jewellery
 m - an amulet of guardian spirit (around neck)
 p - a ring of protection from fire
Scrolls
 b - a scroll of immolation
 d - a scroll of poison {unknown}
 f - 5 scrolls of identify {unknown}
 g - 4 scrolls of vulnerability {unknown}
 h - a scroll of teleportation {unknown}
 o - a scroll of torment {unknown}
 q - a scroll of brand weapon {unknown}
Potions
 l - a potion of flight {unknown}


   Skills:
 - Level 2.1 Fighting
 - Level 6.2 Ranged Weapons
 - Level 4.8 Dodging
 + Level 4.0 Stealth


You had 4 spell levels left.
You didn't know any spells.
Your spell library contained the following spells:

 Spells                   Type           Power      Damage    Failure   Level
 Beastly Appendage        Tmut           0%         N/A       45%         1
 Wereblood                Tmut           0%         N/A       58%         2
 Spider Form              Tmut/Pois      0%         N/A       83%         3


Dungeon Overview and Level Annotations

Branches:
Dungeon (3/15)

Altars:
Makhleb
The Shining One

Annotations:
D:3 1 runed translucent door, SpyderV's ghost, amateur MiFi


Innate Abilities, Weirdness & Mutations

You are small and have problems with some larger weapons.
You are completely attuned to the shadows.


Message History

You feel sick. The orc wizard closely misses you.
You hit the orc wizard but do no damage.
Your weapon exudes an aura of protection.
The orc wizard is lightly wounded.
You feel sick. The orc wizard closely misses you.
You aren't carrying any items that you can evoke.
Unknown command.
You hit the orc wizard but do no damage.
The orc wizard is lightly wounded.
You feel sick.
The orc wizard hits you with a +2 dagger of venom.
You are more poisoned.
You hit the orc wizard but do no damage.
The orc wizard is lightly wounded.
You feel very sick. The orc wizard closely misses you.
You hit the orc wizard but do no damage.
The orc wizard is lightly wounded.
You feel sick.
The orc wizard hits you but does no damage.
You are more poisoned.
The orc wizard attacks as you move away!
The orc wizard hits you but does no damage.
You are lethally poisoned!
You feel very sick.
You open the door.
* * * LOW HITPOINT WARNING * * *
You feel very sick.
The orc wizard hits you but does no damage.
You are more poisoned.
It was a potion of degeneration.
There was something very wrong with that liquid.
You feel weakened.
You feel dopey.
You feel clumsy.
* * * LOW HITPOINT WARNING * * *
You feel very sick.
The orc wizard hits you but does no damage.
You are more poisoned.
It was a potion of brilliance.
You feel clever all of a sudden.
You die...

......###..........#....#
.......+.#........#......#
#......#.#........#......#####
#......#.##.......#..........#
#........##....####..........#
#........###รท..# ##..........###
##.......#.....###...##...##...#
.+.......'.......'.>.+.....#.#.#
##.......#.....o@#...##....#.#.#
........o##....<.##........#.# .
.........###.....##........#.###.
.........# ########........<.....
.........######## #....##....###.
..........).....###....##.#.##
............##...# ...#.#
.....#...........# .. #.#
.....#...^.......#


You could see an orc wizard.

Vanquished Creatures
  Jessica (D:2)
  Natasha (twice) (D:2)
  2 adders
  3 dart slugs
  4 orcs
  5 bats
  2 endoplasms (D:1)
  3 goblins (D:1)
  9 hobgoblins
  7 jackals (D:2)
  3 kobolds
  2 quokkas
  4 ball pythons (D:1)
  5 frilled lizards
  3 rats
55 creatures vanquished.

Notes
Turn   | Place    | Note
-------+----------+-------------------------------------------
     0 | D:1      | billz999 the Kobold Hunter began the quest for the Orb.
     0 | D:1      | Reached XP level 1. HP: 12/12 MP: 1/1
   287 | D:1      | Reached XP level 2. HP: 17/17 MP: 2/2
   850 | D:1      | Reached XP level 3. HP: 21/21 MP: 3/3
  1187 | D:2      | Reached skill level 6 in Ranged Weapons
  1339 | D:2      | Noticed Jessica
  1556 | D:2      | Found a faded altar of an unknown god.
  1606 | D:2      | Prayed at the altar of an unknown god.
  1606 | D:2      | Became a worshipper of Makhleb the Destroyer
  1606 | D:2      | Reached * piety under Makhleb
  1715 | D:2      | Noticed Natasha
  1722 | D:2      | Killed Natasha
  1723 | D:2      | Reached XP level 4. HP: 24/26 MP: 4/4
  1774 | D:2      | Found a glowing golden altar of the Shining One.
  1790 | D:2      | Noticed Natasha
  1828 | D:2      | Killed Natasha
  1905 | D:2      | Reached XP level 5. HP: 27/30 MP: 5/5
  2080 | D:2      | Killed Jessica
  2507 | D:3      | Found a runed translucent door.
  2507 | D:3      | Noticed SpyderV's ghost (amateur MiFi)
  2676 | D:3      | HP: 1/30 [poisoned by an orc wizard]
  2677 | D:3      | Succumbed to an orc wizard's poison

Illustrated notes

Levels and vault maps discovered:
D:1:      dpeg_chamrin_arrival_tetris, layout_loops_corners
D:2:      layout_loops_corners, basic_altar, hellmonk_ecumenical_altar_run_dry,
          uniq_jessica, uniq_natasha
D:3:      layout_basic, cheibriados_altar_1, hellmonk_ghost_happy_afterlife

Skill      XL: |  1  2  3  4  5 |
---------------+----------------+-----
Stealth        | 2 3 4 |  4.0
Ranged Weapons | 6 |  6.2
Dodging        | 3 4 |  4.8
Fighting       | |  2.1

Action                     |  1- 3 |  4- 6 || total
---------------------------+-------+-------++-------
  Melee: Dagger            |       |    10 ||    10
   Fire: Shortbow          |   113 |    77 ||   190
    Use: Potion            |     3 |     2 ||     5
 Armour: Leather armour    |    14 |     7 ||    21
  Dodge: Dodged            |    57 |    49 ||   106

Table legend: (Time is in decaauts)
 A = Elapsed time spent in this place.
 B = Non-inter-level travel time spent in this place.
 C = Inter-level travel time spent in this place.
 D = Time resting spent in this place.
 E = Time spent auto-exploring this place.
 F = Levels seen in this place.
 G = Mean time per level.
                   A        B        C        D        E       F      G
               +--------+--------+--------+--------+--------+-----+--------+
         Total |   2727 |   2582 |    145 |    107 |   2034 |   3 |  909.0 |
       Dungeon |   2727 |   2582 |    145 |    107 |   2034 |   3 |  909.0 |
               +--------+--------+--------+--------+--------+-----+--------+

Top non-repeatable levels by time:
     D:1: 1255 daAuts
     D:2: 1214 daAuts
     D:3: 258 daAuts
